 Dungeon Crawl Stone Soup version 0.31-a0-931-g7b59d4eb97 (webtiles) character file.

Game seed: 13272672982417321495

119 Dordric the Shooter (level 5, -1/38 HPs)
             Began as a Formicid Hunter on Oct 20, 2023.
             Slain by a gnoll
             ... wielding a +0 club
              (7 damage)
             ... on level 2 of the Dungeon.
             The game lasted 00:02:39 (1944 turns).

Dordric the Shooter (Formicid Hunter)               Turns: 1944, Time: 00:02:40

Health: -1/38      AC:  3    Str: 18    XL:     5   Next: 23%
Magic:  5/5        EV: 12    Int:  8    God:
Gold:   128        SH:  0    Dex: 17    Spells: 4/4 levels left

rFire   . . .        a - +0 shortbow
rCold   . . .        (no shield)
rNeg    . . .        c - +0 leather armour
rPois   .            (helmet unavailable)
rElec   .            (no cloak)
rCorr   .            (no gloves)
SInv    +            (no boots)
Will    .....        (no amulet)
Stlth   ++           (no ring)
HPRegen 0.26/turn    (no ring)
MPRegen 0.09/turn

%: no passive effects
@: no status effects
A: permanent stasis, dig shafts and tunnels, antennae 3, four strong arms
a: Dig, Shaft Self


You were on level 2 of the Dungeon.
You visited 1 branch of the dungeon, and saw 3 of its levels.

You collected 128 gold pieces.

Inventory:

Hand Weapons
 a - a +0 shortbow (weapon)
Armour
 c - a +0 leather armour (worn)
Wands
 i - a wand of digging (5)
Scrolls
 b - a scroll of butterflies
 d - a scroll of fear {unknown}
 f - a scroll of amnesia
 g - a scroll of revelation
 k - a scroll of vulnerability
Potions
 e - 2 potions of curing {unknown}
 h - a potion of heal wounds {unknown}
 j - 2 potions of mutation {unknown}
 m - a potion of enlightenment {unknown}


   Skills:
 - Level 2.1 Fighting
 + Level 6.2 Ranged Weapons
 - Level 1.7 Dodging
 - Level 1.2 Stealth


You had 4 spell levels left.
You didn't know any spells.
Your spell library was empty.

Dungeon Overview and Level Annotations

Branches:
Dungeon (3/15)

Altars:
Xom

Shops:
D:2 (([(


Innate Abilities, Weirdness & Mutations

You cannot be hasted, slowed, berserked, paralysed or teleported.
You can dig through walls and to a lower floor.
You have a pair of large antennae on your head. (SInv)
Your four strong arms can wield two-handed weapons with a shield.


Message History

The gnoll hits you but does no damage. The gnoll completely misses you.
You shoot an arrow. The arrow hits the gnoll!
The gnoll is severely wounded.
The gnoll barely misses you. The gnoll closely misses you.
You shoot an arrow. The arrow hits the gnoll.
The gnoll is severely wounded.
The gnoll hits you with a +0 club.
The gnoll hits you from afar with a +0 halberd.
You are too injured to fight recklessly!
You are too injured to fight recklessly!
You are too injured to fight recklessly!
You are too injured to fight recklessly!
You are too injured to fight recklessly!
You are too injured to fight recklessly!
You are too injured to fight recklessly!
You are too injured to fight recklessly!
You are too injured to fight recklessly!
You are too injured to fight recklessly!
You are too injured to fight recklessly!
You are too injured to fight recklessly!
You are too injured to fight recklessly!
The gnoll attacks as it pursues you! The gnoll hits you with a +0 club.
* * * LOW HITPOINT WARNING * * *
The gnoll attacks as it pursues you! The gnoll misses you.
There is a stone staircase leading up here.
The gnoll closely misses you.
You climb upwards.
There is a stone staircase leading down here.
You shoot an arrow. The arrow hits the gnoll.
The gnoll is severely wounded.
The gnoll misses you.
You shoot an arrow. The arrow closely misses the gnoll.
The gnoll hits you with a +0 club.
* * * LOW HITPOINT WARNING * * *
The gnoll hits you with a +0 club.
* * * LOW HITPOINT WARNING * * *
You shoot an arrow. The arrow hits the gnoll.
The gnoll is almost dead.
The gnoll hits you with a +0 club!
You die...

............##.# #.####.########
....##.#.##.##.# #.......# #.
...###.#.......# #####...# ##
.......#.......# #...# #
########.##.##.# #(..# ###
#.##....# #...# ..######.####..#
#...#######
#......#.##....########...#...##.
#.^....#........@...........#...#
#...............g..........###.##
#......##....(.#..........).#..#
#......##...#.##.######...#∩...##
..†....####......# #...#####.#
############.##### #...# ##.
#...##.# #...# ## #######......#
#...# ...#..#...#### ###...###


You could see a gnoll.

Vanquished Creatures
  5 adders (D:2)
  A gnoll (D:3)
  2 worms (D:2)
  A dart slug (D:1)
  6 endoplasms
  2 giant cockroaches
  6 goblins
  5 hobgoblins
  4 jackals (D:2)
  4 quokkas
  A ball python (D:2)
  5 bats
  5 frilled lizards (D:1)
  2 kobolds
  8 rats
57 creatures vanquished.

Notes
Turn   | Place    | Note
-------+----------+-------------------------------------------
     0 | D:1      | Dordric the Formicid Hunter began the quest for the Orb.
     0 | D:1      | Reached XP level 1. HP: 16/16 MP: 1/1
    52 | D:1      | Reached XP level 2. HP: 22/22 MP: 2/2
   190 | D:1      | Reached XP level 3. HP: 27/27 MP: 3/3
   512 | D:2      | Found Selaco's Weapon Shop.
   515 | D:2      | Reached skill level 5 in Ranged Weapons
   540 | D:2      | HP: 1/27 [worm (5)]
   768 | D:2      | Found Gavufy's Antique Armour Shoppe.
   779 | D:2      | Reached XP level 4. HP: 33/33 MP: 4/4
   903 | D:2      | Found a shimmering altar of Xom.
  1118 | D:2      | Reached skill level 6 in Ranged Weapons
  1118 | D:2      | Reached XP level 5. HP: 7/38 MP: 5/5
  1372 | D:2      | Found Feoloxan's Antique Weapon Shoppe.
  1427 | D:2      | Found Muariol's Antique Weapon Shop.
  1944 | D:2      | Slain by a gnoll

Illustrated notes

Levels and vault maps discovered:
D:1:      lightli_arrival_statuegarden, layout_rooms
D:2:      layout_loops_cross, serial_shops, nicolae_shop_rolling_square,
          nicolae_shop_stone, nicolae_shop_overgrown_old_shop, shop, basic_altar
D:3:      layout_loops_cross, nicolae_elyvilon_temple_path,
          grunt_gozag_breadcrumbs, serial_rivers, chequers_serial_rivers_marsh,
          chequers_serial_rivers_large_a, chequers_serial_rivers_micro_d,
          chequers_serial_rivers_micro_c

Skill      XL: |  1  2  3  4 |
---------------+-------------+-----
Ranged Weapons | 5 6 |  6.2
Fighting       | |  2.1
Dodging        | |  1.7
Stealth        | |  1.2

Action                     |  1- 3 |  4- 6 || total
---------------------------+-------+-------++-------
   Fire: Shortbow          |   120 |   110 ||   230
Ability: Dig               |     1 |       ||     1
    Use: Scroll            |       |     5 ||     5
 Armour: Leather armour    |    26 |    46 ||    72
  Dodge: Dodged            |    34 |    54 ||    88

Table legend: (Time is in decaauts)
 A = Elapsed time spent in this place.
 B = Non-inter-level travel time spent in this place.
 C = Inter-level travel time spent in this place.
 D = Time resting spent in this place.
 E = Time spent auto-exploring this place.
 F = Levels seen in this place.
 G = Mean time per level.
                   A        B        C        D        E       F      G
               +--------+--------+--------+--------+--------+-----+--------+
         Total |   1983 |   1932 |     51 |    376 |   1150 |   3 |  661.0 |
       Dungeon |   1983 |   1932 |     51 |    376 |   1150 |   3 |  661.0 |
               +--------+--------+--------+--------+--------+-----+--------+

Top non-repeatable levels by time:
     D:2: 1363 daAuts
     D:1: 583 daAuts
     D:3: 35 daAuts
